 Dungeon Crawl Stone Soup version 0.29-a0-575-g0dc89cf053 (webtiles) character file.

Game seed: 10710467455577780711

91 DocClef the Covert (level 4, 0/41 HPs)
             Began as a Gnoll Delver on June 12, 2022.
             Slain by a jelly (3 damage)
             ... on level 5 of the Dungeon.
             The game lasted 00:00:18 (83 turns).

DocClef the Covert (Gnoll Delver)                     Turns: 83, Time: 00:00:19

Health: 0/41       AC: -4    Str: 11    XL:     4   Next: 59%
Magic:  5/5        EV: 13    Int:  9    God:
Gold:   9          SH:  0    Dex: 16    Spells: 5/5 levels left

rFire   . . .      SeeInvis .   a - +0 short sword
rCold   . . .      Faith    .   (no shield)
rNeg    . . .      Spirit   .   b - +0 leather armour
rPois   .          Reflect  .   (no helmet)
rElec   .          Harm     .   (no cloak)
rCorr   .          Rampage  .   (no gloves)
Will    .....                   (no boots)
Stlth   ++++......              (no amulet)
HPRegen 0.13/turn               (no ring)
MPRegen 0.09/turn               (no ring)

@: corroded
A: fangs 1, strong nose, distributed training
a: no special abilities


You were on level 5 of the Dungeon.
You visited 1 branch of the dungeon, and saw 1 of its levels.

You collected 9 gold pieces.

Inventory:

Hand Weapons
 a - a +0 short sword (weapon)
Armour
 b - a +0 leather armour (worn)
Jewellery
 i - a ring of fire
Wands
 g - a wand of digging (3)
Scrolls
 c - 2 scrolls of fog
 d - 2 scrolls of magic mapping
 e - a scroll of fear
 h - a scroll of identify {unknown}
 k - a scroll of teleportation {unknown}
Potions
 f - a potion of haste
 j - a potion of might {unknown}


   Skills:
 + Level 6.6 Fighting
 + Level 4.6 Short Blades
 + Level 1.2 Long Blades
 + Level 1.2 Axes
 + Level 1.2 Maces & Flails
 + Level 1.2 Polearms
 + Level 1.2 Staves
 + Level 1.2 Slings
 + Level 1.2 Bows
 + Level 1.2 Crossbows
 + Level 1.2 Throwing
 + Level 1.2 Armour
 + Level 4.6 Dodging
 + Level 9.6 Stealth
 + Level 1.2 Shields
 + Level 1.2 Unarmed Combat
 + Level 1.2 Spellcasting
 + Level 1.0 Conjurations
 + Level 1.0 Hexes
 + Level 1.0 Summonings
 + Level 1.0 Necromancy
 + Level 1.0 Translocations
 + Level 1.0 Transmutations
 + Level 1.0 Fire Magic
 + Level 1.0 Ice Magic
 + Level 1.0 Air Magic
 + Level 1.0 Earth Magic
 + Level 1.0 Poison Magic
 + Level 1.3 Invocations
 + Level 1.2 Evocations


You had 5 spell levels left.
You didn't know any spells.
Your spell library contained the following spells:

 Spells                   Type           Power      Damage    Failure   Level
 Apportation              Tloc           4%         N/A       32%         1
 Necrotize                Necr           8%         1d4       32%         1
 Summon Small Mammal      Summ           8%         N/A       32%         1


Dungeon Overview and Level Annotations

Branches:
Dungeon (5/15)
 Temple: D:4-7

Altars:
Nemelex Xobeh


Innate Abilities, Weirdness & Mutations

You have very sharp teeth.
Your uncanny sense of smell can sniff out nearby items.
Your experience applies equally to all skills.


Message History

A jelly comes into view.
A jelly is nearby!
A jelly is nearby!
A jelly is nearby!
A quokka comes into view.
You hit the jelly. The acid corrodes you!
Your hands burn!
The jelly is moderately wounded.
The jelly closely misses you.
You hit the jelly.
Your hands burn!
You bite the jelly, but do no damage.
The jelly is moderately wounded.
The jelly hits you.
You are splashed with acid!
You hit the jelly but do no damage.
Your hands burn!
The jelly is moderately wounded.
The jelly barely misses you.
You are too injured to fight recklessly!
You are too injured to fight recklessly!
You are too injured to fight recklessly!
You are too injured to fight recklessly!
You are too injured to fight recklessly!
You are too injured to fight recklessly!
You are too injured to fight recklessly!
You are too injured to fight recklessly!
You are too injured to fight recklessly!
You are too injured to fight recklessly!
You are too injured to fight recklessly!
You are too injured to fight recklessly!
You are too injured to fight recklessly!
You hit the jelly.
Your hands burn!
The jelly is severely wounded.
The jelly hits you.
You are splashed with acid.
* * * LOW HITPOINT WARNING * * *
You hit the jelly but do no damage. The acid corrodes you!
Your hands burn!
* * * LOW HITPOINT WARNING * * *
The jelly is severely wounded.
Unknown command.
You hit the jelly.
Your hands burn!
* * * LOW HITPOINT WARNING * * *
The jelly is almost dead.
The jelly hits you.
You die...

.. ##..)###...... #....
... #†....##...... #....
...#...#...#.......+....
......###......... #....
..#..#####...##... #####
###........####
..............#
..............#
.......@......#
.......J......#
..##....##....# #
#....##....# #.....
....# #....# r..##
#....# .# #....#


You could see a jelly.

Vanquished Creatures
  A hound (D:5)
  A jelly (D:5)
  An iguana (D:5)
  An adder (D:5)
4 creatures vanquished.

Notes
Turn   | Place    | Note
-------+----------+-------------------------------------------
     0 | D:5      | Reached skill level 9 in Stealth
     0 | D:5      | DocClef the Gnoll Delver began the quest for the Orb.
     0 | D:5      | Reached XP level 1. HP: 23/23 MP: 1/1
    23 | D:5      | Found a sparkling altar of Nemelex Xobeh.
    26 | D:5      | Noticed a jelly
    30 | D:5      | Noticed a hound
    33 | D:5      | Killed a jelly
    34 | D:5      | Reached XP level 2. HP: 29/29 MP: 2/2
    34 | D:5      | Reached XP level 3. HP: 35/35 MP: 3/3
    38 | D:5      | Reached skill level 1 in Long Blades
    38 | D:5      | Reached skill level 1 in Axes
    38 | D:5      | Reached skill level 1 in Maces & Flails
    38 | D:5      | Reached skill level 1 in Polearms
    38 | D:5      | Reached skill level 1 in Staves
    38 | D:5      | Reached skill level 1 in Slings
    38 | D:5      | Reached skill level 1 in Bows
    38 | D:5      | Reached skill level 1 in Crossbows
    38 | D:5      | Reached skill level 1 in Throwing
    38 | D:5      | Reached skill level 1 in Armour
    38 | D:5      | Reached skill level 1 in Shields
    38 | D:5      | Reached skill level 1 in Unarmed Combat
    38 | D:5      | Reached skill level 1 in Spellcasting
    38 | D:5      | Reached skill level 1 in Invocations
    38 | D:5      | Reached skill level 1 in Evocations
    40 | D:5      | Reached XP level 4. HP: 41/41 MP: 3/5
    42 | D:5      | Reached skill level 1 in Conjurations
    42 | D:5      | Reached skill level 1 in Hexes
    42 | D:5      | Reached skill level 1 in Summonings
    42 | D:5      | Reached skill level 1 in Necromancy
    42 | D:5      | Reached skill level 1 in Translocations
    42 | D:5      | Reached skill level 1 in Transmutations
    42 | D:5      | Reached skill level 1 in Fire Magic
    42 | D:5      | Reached skill level 1 in Ice Magic
    42 | D:5      | Reached skill level 1 in Air Magic
    42 | D:5      | Reached skill level 1 in Earth Magic
    42 | D:5      | Reached skill level 1 in Poison Magic
    83 | D:5      | Slain by a jelly

Illustrated notes

Levels and vault maps discovered:
D:5:      layout_gridville, mainiacjoe_overflow_catch_the_wave, minmay_circle_x

Skill      XL: |  1  2  3  4 |
---------------+-------------+-----
Stealth        | |  9.6
Long Blades    | 1 |  1.2
Axes           | 1 |  1.2
Maces & Flails | 1 |  1.2
Polearms       | 1 |  1.2
Staves         | 1 |  1.2
Slings         | 1 |  1.2
Bows           | 1 |  1.2
Crossbows      | 1 |  1.2
Throwing       | 1 |  1.2
Armour         | 1 |  1.2
Shields        | 1 |  1.2
Unarmed Combat | 1 |  1.2
Spellcasting   | 1 |  1.2
Invocations    | 1 |  1.3
Evocations     | 1 |  1.2
Conjurations   | 1 |  1.0
Hexes          | 1 |  1.0
Summonings     | 1 |  1.0
Necromancy     | 1 |  1.0
Translocations | 1 |  1.0
Transmutations | 1 |  1.0
Fire Magic     | 1 |  1.0
Ice Magic      | 1 |  1.0
Air Magic      | 1 |  1.0
Earth Magic    | 1 |  1.0
Poison Magic   | 1 |  1.0
Fighting       | |  6.6
Short Blades   | |  4.6
Dodging        | |  4.6

Action                   |  1- 3 |  4- 6 || total
-------------------------+-------+-------++-------
Melee: Short sword       |     3 |     7 ||    10
       Bite              |       |     1 ||     1
 Stab: Sleeping          |     3 |     1 ||     4
Dodge: Dodged            |       |     2 ||     2

Table legend: (Time is in decaauts)
 A = Elapsed time spent in this place.
 B = Non-inter-level travel time spent in this place.
 C = Inter-level travel time spent in this place.
 D = Time resting spent in this place.
 E = Time spent auto-exploring this place.
 F = Levels seen in this place.
 G = Mean time per level.
                   A        B        C        D        E       F      G
               +--------+--------+--------+--------+--------+-----+--------+
         Total |     81 |     81 |      0 |      0 |     51 |   1 |   81.0 |
       Dungeon |     81 |     81 |      0 |      0 |     51 |   1 |   81.0 |
               +--------+--------+--------+--------+--------+-----+--------+

Top non-repeatable levels by time:
     D:5: 81 daAuts
